 Dungeon Crawl Stone Soup version 0.30-a0-630-g881e3bac89 (webtiles) character file.

Game seed: 6527534997227679318

872 Dartaoz the Firebug (level 7, 0/50 HPs)
             Began as a Grey Draconian Fire Elementalist on Jan 13, 2023.
             Was an Initiate of Sif Muna.
             Slain by an iguana (9 damage)
             ... on level 5 of the Dungeon.
             The game lasted 00:14:43 (5681 turns).

Dartaoz the Firebug (DrFE)                          Turns: 5681, Time: 00:14:44

Health: 0/50       AC: 11    Str: 10    XL:     7   Next: 74%
Magic:  1/19       EV:  9    Int: 17    God:    Sif Muna [......]
Gold:   260        SH:  0    Dex: 12    Spells: 3/10 levels left

rFire   . . .      SeeInvis .    b - +0 dagger
rCold   . . .      Faith    .    (no shield)
rNeg    . . .      Spirit   .    (body armour unavailable)
rPois   +          Reflect  .    (helmet restricted)
rElec   .          Harm     .    (no cloak)
rCorr   .          Rampage  .    (no gloves)
Will    .....                    (no boots)
Stlth   ++                       m - amulet of regeneration
HPRegen 1.08/turn                y - ring of magical power
MPRegen 0.16/turn                p - ring of poison resistance

@: grasped by roots, constricted
A: AC +11, amphibious, unfitting armour, cold-blooded
a: Renounce Religion


You were on level 5 of the Dungeon.
You worshipped Sif Muna.
Sif Muna was noncommittal.
You visited 2 branches of the dungeon, and saw 6 of its levels.

You collected 260 gold pieces.

Inventory:

Hand Weapons
 b - a +0 dagger (weapon)
Jewellery
 j - a +4 ring of protection
 m - an amulet of regeneration (around neck)
 n - the ring of Ydemo {rC+ Will+ Str+3}
   (You found it on level 2 of the Dungeon)

   [ring of willpower]

   Str:       It affects your strength (+3).
   rC:        It protects you from cold.
   Will:      It increases your willpower.
 p - a ring of poison resistance (right hand)
 y - a ring of magical power (left hand)
Wands
 o - a wand of flame (13)
 t - a wand of roots (12)
 C - a wand of charming (14)
Scrolls
 e - 2 scrolls of magic mapping {unknown}
 g - a scroll of torment {unknown}
 k - a scroll of butterflies {unknown}
 l - 4 scrolls of poison {unknown}
 r - 2 scrolls of enchant weapon {unknown}
 u - a scroll of acquirement {unknown}
 v - 2 scrolls of amnesia {unknown}
 w - a scroll of enchant armour {unknown}
 z - a scroll of fog {unknown}
 B - a scroll of noise {unknown}
Potions
 a - 2 potions of haste
 c - a potion of curing
 d - a potion of might
 h - a potion of mutation
 q - a potion of cancellation
 s - 2 potions of degeneration
 x - a potion of ambrosia {unknown}
 A - a potion of invisibility {unknown}


   Skills:
 - Level 1.7 Dodging
 - Level 1.7 Stealth
 - Level 2.0 Spellcasting
 + Level 6.2 Conjurations
 + Level 6.9 Fire Magic


You had 3 spell levels left.
You knew the following spells:

 Your Spells              Type           Power      Damage    Failure   Level
a - Foxfire               Conj/Fire      96%        2x1d8     1%          1
b - Scorch                Fire           50%        2d8       1%          2
c - Flame Wave            Conj/Fire      24%        2d8       13%         4

Your spell library contained the following spells:

 Spells                   Type           Power      Damage    Failure   Level
 Inner Flame              Hex/Fire       13%        N/A       14%         3
 Stone Arrow              Conj/Erth      24%        3d8       16%         3
 Sandblast                Erth           2%         2d4       19%         1
 Kindle Blastsparks       Fire/Tloc/Air  18%        2d11      22%         3
 Cigotuvi's Dreadful Rot  Necr/Pois/Air  2%         N/A       28%         2
 Passwall                 Tmut/Erth      0%         N/A       28%         2
 Dispel Undead            Necr           1%         3d6       88%         4
 Death Channel            Necr           0%         N/A       100%        6


Dungeon Overview and Level Annotations

Branches:
Dungeon (5/15)             Temple (1/1) D:4

Altars:
Ashenzari
Dithmenos
Elyvilon
Fedhas
Hepliaklqana
Kikubaaqudgha
Nemelex Xobeh
Ru
Sif Muna
Wu Jian
Yredelemnul
Zin
The Shining One

Annotations:
D:5 Eustachio


Innate Abilities, Weirdness & Mutations

Your dull iron-grey scales are very hard. (AC +11)
You are amphibious.
You cannot fit into any form of body armour.
You are cold-blooded and may be slowed by cold attacks.


Message History

You feel much better. The ufetubus closely misses you.
The ufetubus hits you but does no damage.
The crimson imp shouts, "Slither hence, thou grime-gilt fen-sucked baggage!"
The crimson imp closely misses you.
Eustachio gestures wildly while chanting.
The ufetubus barely misses you. The ufetubus closely misses you.
The river rat closely misses you.
The shadow imp lashes its tail.
The iguana bites you but does no damage.
You barely miss Eustachio.
Eustachio is almost dead.
The ogre hits you with a +0 giant club. The ufetubus completely misses you. x2
The crimson imp blinks!
Eustachio barely misses you. The iguana bites you!
* * * LOW HITPOINT WARNING * * *
The river rat barely misses you.
You barely miss Eustachio.
Eustachio is almost dead.
The bat barely misses you.
The ufetubus hits you but does no damage.
The ufetubus closely misses you.
Eustachio zaps a wand.
The roots erupt in riotous growth!
The grasping roots grab you!
The ogre is unaffected.
The iguana is unaffected.
Eustachio is unaffected.
The ufetubus is unaffected.
The rat is unaffected.
The river rat is unaffected.
The grasping roots constrict you. The ufetubus closely misses you.
The ufetubus hits you.
* * * LOW HITPOINT WARNING * * *
The rat bites you but does no damage. The ogre hits you but does no damage.
The iguana bites you.
* * * LOW HITPOINT WARNING * * *
The river rat barely misses you.
You hit Eustachio.
You tail-slap Eustachio, but do no damage.
Eustachio is almost dead.
The ufetubus hits you but does no damage. x2
Eustachio gestures wildly while chanting.
Eustachio blinks!
The grasping roots constrict you.
* * * LOW HITPOINT WARNING * * *
The iguana bites you!
You die...

...#.# #....###.............#
...#..#####.#####...÷.......#
...##...# #.........5.......#
....###.####...........#####
###..##..####..........#
####................)###
#..................^.##
#####...........55....######
...............l@§b........#
#####..........Orr.........#
#...........r....@.....#
#........###...........#
#........# ##..........#
#........# #..........#
#........# #......>...#
########## #..........#
#..........#


You could see Eustachio (combustible), an ogre (combustible), an iguana, a
crimson imp (summoned), a river rat (summoned), a shadow imp (summoned), an
ufetubus (summoned), a quokka (summoned), a bat (summoned) and a rat (summoned).

Vanquished Creatures
  Grinder (D:3)
  A water moccasin (D:5)
  A black bear (D:4)
  4 scorpions (D:4)
  2 hounds
  Ijyb (D:5)
  An iguana (D:5)
  3 gnolls (D:3)
  4 adders
  A worm (D:2)
  2 dart slugs (D:4)
  6 orcs
  6 endoplasms
  6 giant cockroaches
  10 goblins
  4 hobgoblins
  5 quokkas
  5 ball pythons
  5 bats
  3 frilled lizards
  6 kobolds
  4 rats
81 creatures vanquished.

Vanquished Creatures (others)
  19 foxfires
19 creatures vanquished.

Grand Total: 100 creatures vanquished

Notes
Turn   | Place    | Note
-------+----------+-------------------------------------------
     0 | D:1      | Dartaoz the Draconian Fire Elementalist began the quest for
                  | the Orb.
     0 | D:1      | Reached XP level 1. HP: 14/14 MP: 3/3
   284 | D:1      | Reached XP level 2. HP: 20/20 MP: 0/5
   287 | D:1      | Learned a level 2 spell: Scorch
   927 | D:1      | Reached XP level 3. HP: 21/26 MP: 0/6
  1620 | D:2      | Found a sparkling altar of Nemelex Xobeh.
  1701 | D:2      | Identified the ring of Ydemo {rC+ Will+ Str+3}
  2591 | D:3      | Reached XP level 4. HP: 33/33 MP: 4/7
  2832 | D:3      | Found a hazy altar of Hepliaklqana.
  3319 | D:3      | Noticed Grinder
  3335 | D:3      | Killed Grinder
  3336 | D:3      | Reached skill level 5 in Fire Magic
  3336 | D:3      | Reached XP level 5. HP: 14/38 MP: 5/8
  3336 | D:3      | Reached XP level 6. HP: 16/45 MP: 5/9
  4103 | D:4      | Reached skill level 5 in Conjurations
  4115 | D:4      | Your scales start taking on a dull iron-grey colour.
  4115 | D:4      | Reached XP level 7. HP: 12/50 MP: 0/10
  4502 | D:4      | Found a staircase to the Ecumenical Temple.
  4550 | Temple   | Entered the Ecumenical Temple
  4975 | Temple   | Became a worshipper of Sif Muna the Loreminder
  5245 | D:5      | Entered Level 5 of the Dungeon
  5550 | D:5      | Noticed Ijyb
  5558 | D:5      | Killed Ijyb
  5564 | D:5      | Learned a level 4 spell: Flame Wave
  5647 | D:5      | Noticed Eustachio
  5681 | D:5      | Slain by an iguana

Illustrated notes

Levels and vault maps discovered:
D:1:      onia_arrival_mini_spirals, layout_loops_corners
D:2:      layout_loops_ring, basic_altar, minmay_circle_x
D:3:      layout_loops_corners, mainiacjoe_overflow_brackets, uniq_grinder
D:4:      layout_cave_pools, minmay_temple_entry_gardened_gates
D:5:      layout_rooms, vehumet_crystals, uniq_crazy_yiuf_cottage, uniq_ijyb,
          uniq_eustachio
Temple:   minmay_temple_forest_path

Skill      XL: |  1  2  3  4  5  6  7 |
---------------+----------------------+-----
Conjurations   | 2 4 5 6 |  6.2
Fire Magic     | 4 5 6 |  6.9
Dodging        | |  1.7
Stealth        | |  1.7
Spellcasting   | |  2.0

Action                   |  1- 3 |  4- 6 |  7- 9 || total
-------------------------+-------+-------+-------++-------
Melee: Dagger            |    58 |    41 |    11 ||   110
       Tailslap          |     8 |     4 |     3 ||    15
       Unarmed           |     1 |       |       ||     1
       Punch             |     1 |     1 |       ||     2
 Cast: Foxfire           |    13 |       |     1 ||    14
       Scorch            |    37 |    41 |    37 ||   115
  Use: Potion            |       |     1 |     1 ||     2
       Scroll            |       |       |     7 ||     7
Armor: Skin              |    36 |    18 |    21 ||    75
Dodge: Dodged            |    47 |    33 |    33 ||   113

Table legend: (Time is in decaauts)
 A = Elapsed time spent in this place.
 B = Non-inter-level travel time spent in this place.
 C = Inter-level travel time spent in this place.
 D = Time resting spent in this place.
 E = Time spent auto-exploring this place.
 F = Levels seen in this place.
 G = Mean time per level.
                   A        B        C        D        E       F      G
               +--------+--------+--------+--------+--------+-----+--------+
         Total |   5680 |   5471 |    209 |      0 |   4826 |   6 |  946.7 |
       Dungeon |   5206 |   5085 |    121 |      0 |   4453 |   5 | 1041.2 |
        Temple |    474 |    386 |     88 |      0 |    373 |   1 |  474.0 |
               +--------+--------+--------+--------+--------+-----+--------+

Top non-repeatable levels by time:
     D:1: 1539 daAuts
     D:3: 1228 daAuts
     D:4: 1071 daAuts
     D:2: 931 daAuts
  Temple: 474 daAuts
     D:5: 434 daAuts
